 Dungeon Crawl Stone Soup version 0.30.1 (webtiles) character file.

Game seed: 14214858349721235791

924 LynnLen the Covert (level 7, -8/32 HPs)
             Began as a Spriggan Enchanter on July 7, 2023.
             Killed by divine providence
             ... invoked by an orc priest
              (12 damage)
             ... on level 5 of the Dungeon.
             The game lasted 00:20:14 (4586 turns).

LynnLen the Covert (Spriggan Enchanter)             Turns: 4586, Time: 00:20:15

Health: -8/32      AC: 10    Str:  4    XL:     7   Next: 84%
Magic:  4/12       EV: 32    Int: 19    God:
Gold:   245        SH:  0    Dex: 15    Spells: 0/11 levels left

rFire   . . .        q - +1 dagger (vamp)
rCold   . . .        (no shield)
rNeg    . . .        b - +1 robe
rPois   .            (helmet restricted)
rElec   .            A - +2 cloak {Stlth+}
rCorr   .            (gloves unavailable)
SInv    +            (boots unavailable)
Will    +....        r - amulet of the acrobat
Stlth   +++++        e - +4 ring of protection
HPRegen 0.25/turn    (no ring)
MPRegen 0.13/turn

%: acrobat
@: confusing by touch, acrobatic, very quick
A: very small, no large weapons, unfitting armour, see invisible, speed 3
a: no special abilities


You were on level 5 of the Dungeon.
You visited 1 branch of the dungeon, and saw 5 of its levels.
You also visited: Sewer.

You collected 245 gold pieces.

Inventory:

Hand Weapons
 k - a +1 dagger of electrocution
 q - a +1 vampiric dagger (weapon)
Missiles
 g - 7 poisoned darts (quivered)
Armour
 b - a +1 robe (worn)
 A - a +2 cloak of stealth (worn)
Jewellery
 e - a +4 ring of protection (left hand)
 r - an amulet of the acrobat (around neck)
Wands
 o - a wand of paralysis (10)
 p - a wand of iceblast (5)
Scrolls
 f - 4 scrolls of blinking
 h - 4 scrolls of enchant armour
 l - 2 scrolls of immolation
 m - a scroll of magic mapping {unknown}
 s - 2 scrolls of teleportation
 t - a scroll of fog {unknown}
 v - a scroll of fear
 w - a scroll of enchant weapon {unknown}
 y - 2 scrolls of summoning {unknown}
Potions
 a - a potion of flight
 c - 2 potions of invisibility
 d - 4 potions of heal wounds
 i - a potion of haste {unknown}
 j - a potion of lignification {unknown}
 n - a potion of attraction {unknown}
 u - a potion of might {unknown}
 x - a potion of curing {unknown}
 z - a potion of mutation {unknown}


   Skills:
 + Level 4.1 Short Blades
 - Level 2.6 Dodging
 * Level 9.5 Stealth
 - Level 2.6 Spellcasting
 * Level 7.1 Hexes
 + Level 2.5 Ice Magic


You couldn't memorise any spells.
You knew the following spells:

 Your Spells              Type           Power      Damage    Failure   Level
a - Ensorcelled Hibernat  Hex/Ice        40%        N/A       3%          2
b - Confusing Touch       Hex            29%        N/A       2%          3
c - Tukima's Dance        Hex            29%        N/A       2%          3
d - Stone Arrow           Conj/Erth      4%         3d7       43%         3

Your spell library contained the following spells:

 Spells                   Type           Power      Damage    Failure   Level
 Dazzling Flash           Conj/Hex       32%        N/A       11%         3
 Sandblast                Erth           4%         2d4       16%         1
 Blink                    Tloc           4%         N/A       24%         2
 Lesser Beckoning         Tloc           4%         N/A       24%         2
 Momentum Strike          Conj/Tloc      4%         3d8       24%         2
 Passwall                 Tmut/Erth      1%         N/A       24%         2
 Animate Armour           Summ/Erth      4%         N/A       83%         4
 Lehudib's Crystal Spear  Conj/Erth      1%         10d2      100%        8


Dungeon Overview and Level Annotations

Branches:
Dungeon (5/15)              Sewer (visited)
 Temple: D:4-7

Altars:
Qazlal
Sif Muna

Shops:
D:4 (   D:5 *


Innate Abilities, Weirdness & Mutations

You are very small and have problems with some larger weapons.
You are too small for most types of armour.
You have supernaturally acute eyesight. (SInv)
You cover ground extremely quickly. (Speed+++)


Message History

An orc priest comes into view. It is wielding a +0 dagger.
Found 12 gold pieces.
Casting: Ensorcelled Hibernation (safe; 3% risk of failure)
Confirm with . or Enter, or press ? or * to list all spells.
Aiming: Tukima's Dance (dangerous; 2% risk of failure)
Press: ? - help, Shift-Dir - straight line, f - orc warrior
Aim: an orc warrior, wielding a +0 dire flail and wearing a +0 chain mail (chance to affect: 59%)
The orc warrior resists with significant effort.
Unknown command.
Casting: Tukima's Dance (dangerous; 2% risk of failure)
Confirm with . or Enter, or press ? or * to list all spells.
Aiming: Tukima's Dance (dangerous; 2% risk of failure)
Press: ? - help, Shift-Dir - straight line, f/p - orc warrior
Aim: an orc warrior, wielding a +0 dire flail and wearing a +0 chain mail (chance to affect: 59%)
The orc warrior resists with significant effort.
Casting: Tukima's Dance (dangerous; 2% risk of failure)
Confirm with . or Enter, or press ? or * to list all spells.
Your hands begin to glow red.
The orc shouts!
The orc warrior barely misses you.
You hit the orc warrior but do no damage.
You hit the orc warrior but do no damage.
You punch the orc warrior, but do no damage.
The orc warrior hits you with a +0 dire flail.
You barely miss the orc warrior.
The orc warrior hits you with a +0 dire flail!
You closely miss the orc warrior.
The orc warrior hits you with a +0 dire flail!
Ouch! That really hurt!
* * * LOW HITPOINT WARNING * * *
Unknown command.
Okay, then.
Found a book of Cantrips.
Found two robes.
An orc priest comes into view. It is wielding a +0 flail.
Found a leather armour.
The orc priest shouts! x2
The orc priest mumbles some strange prayers to Beogh against you.
Beogh smites you!
You die...

######## ####### #......#
#...o.###...†..#
#o###..........# #o#
#...o.....[#### #######.#
#..............
....[...###>o............
........@oo..............
...[...............##....
.....$..............#....
.....:........#...#......
..#....$......###...#...#
..............###........
.....[..................
#............###.......#
##..... #........


You could see an orc warrior, 3 orc priests and an orc.

Vanquished Creatures
  A dancing weapon (D:4)
  Pargi (Sewer)
  3 ogres
  2 phantoms
  A scorpion (D:3)
  Crazy Yiuf (D:4)
  A hound (D:4)
  An orc wizard (D:5)
  Jessica (D:2)
  A sleepcap (D:5)
  2 iguanas
  7 adders
  A river rat (D:4)
  A worm (D:2)
  5 dart slugs
  9 orcs
  11 ball pythons
  3 bats
  4 endoplasms
  6 giant cockroaches
  4 hobgoblins
  3 kobolds
  4 quokkas
  10 frilled lizards
  8 goblins
  9 rats
100 creatures vanquished.

Notes
Turn   | Place    | Note
-------+----------+-------------------------------------------
     0 | D:1      | LynnLen the Spriggan Enchanter began the quest for the Orb.
     0 | D:1      | Reached XP level 1. HP: 9/9 MP: 5/5
   297 | D:1      | Reached XP level 2. HP: 13/13 MP: 6/6
   357 | D:1      | Reached skill level 5 in Stealth
   366 | D:1      | Learned a level 2 spell: Ensorcelled Hibernation
  1043 | D:2      | Reached XP level 3. HP: 16/16 MP: 8/8
  1165 | D:2      | Reached skill level 6 in Stealth
  1176 | D:2      | Learned a level 3 spell: Confusing Touch
  1357 | D:2      | Noticed Jessica
  1360 | D:2      | Killed Jessica
  1361 | D:2      | Reached XP level 4. HP: 21/21 MP: 9/9
  2247 | D:3      | Noticed a scorpion
  2257 | D:3      | Killed a scorpion
  2258 | D:3      | Reached skill level 5 in Hexes
  2258 | D:3      | Reached XP level 5. HP: 24/24 MP: 10/10
  2262 | D:3      | Reached skill level 1 in Ice Magic
  2266 | D:3      | Learned a level 3 spell: Tukima's Dance
  2395 | D:3      | Reached skill level 7 in Stealth
  2660 | D:4      | Noticed a phantom
  2660 | D:4      | Found a stormy altar of Qazlal.
  2683 | D:4      | Killed a phantom
  2750 | D:4      | Reached XP level 6. HP: 28/28 MP: 7/11
  2913 | D:4      | Found a shimmering blue altar of Sif Muna.
  3212 | D:4      | Found Xegiorrag's Weapon Shoppe.
  3288 | D:4      | Found a glowing drain.
  3346 | Sewer    | Entered a sewer
  3390 | Sewer    | Noticed Pargi
  3446 | Sewer    | Killed Pargi
  3447 | Sewer    | Reached skill level 8 in Stealth
  3613 | D:4      | Found a runed translucent door.
  3614 | D:4      | Noticed Crazy Yiuf
  3724 | D:4      | Reached XP level 7. HP: 32/32 MP: 6/12
  3728 | D:4      | Learned a level 3 spell: Stone Arrow
  3848 | D:4      | Killed Crazy Yiuf
  4008 | D:5      | Entered Level 5 of the Dungeon
  4054 | D:5      | Reached skill level 9 in Stealth
  4240 | D:5      | Found Wogas's Assorted Antiques.
  4586 | D:5      | Killed from afar by an orc priest

Illustrated notes

Levels and vault maps discovered:
D:1:      amcnicky_arrival_choice, layout_basic
D:2:      layout_basic, amcnicky_mini_corridor_feature, uniq_jessica
D:3:      layout_basic
D:4:      layout_loops_ring, grunt_qazlal_clouds, nicolae_sif_muna_condensation,
          portal_sewer_entry_e, serial_shops, nicolae_shop_bloodbath_and_beyond,
          uniq_crazy_yiuf_cottage
D:5:      layout_basic, serial_shops, shop

Skill      XL: |  1  2  3  4  5  6  7 |
---------------+----------------------+-----
Stealth        | 5 6 7 8 9 |  9.5
Hexes          | 4 5 6 7 |  7.1
Short Blades   | 2 3 4 |  4.1
Ice Magic      | 1 2 |  2.5
Dodging        | |  2.6
Spellcasting   | |  2.6

Action                     |  1- 3 |  4- 6 |  7- 9 || total
---------------------------+-------+-------+-------++-------
  Melee: Dagger            |    90 |   138 |   103 ||   331
         Punch             |       |     1 |     2 ||     3
  Throw: Dart              |       |     1 |       ||     1
   Cast: Ensorcelled Hiber |     6 |    10 |     8 ||    24
         Confusing Touch   |       |     5 |     4 ||     9
         Tukima's Dance    |       |     4 |     3 ||     7
    Use: Potion            |     1 |     1 |       ||     2
         Scroll            |     5 |     4 |     3 ||    12
   Stab: Sleeping          |    13 |    20 |     8 ||    41
         Distracted        |     1 |       |       ||     1
         Confused          |       |     4 |     3 ||     7
         Invisible         |       |     2 |       ||     2
 Armour: Robe              |    13 |    24 |    22 ||    59
  Dodge: Dodged            |    61 |   104 |    48 ||   213
